 Dungeon Crawl Stone Soup version 0.27-a0-40-g5f2be0e231 (webtiles) character file.

Game seed: 10285725030782013969

803 Borgoz the Ducker (level 8, -7/54 HPs)
             Began as a Halfling Gladiator on Jan 6, 2021.
             Killed from afar by a raiju (12 damage)
             ... with a living lightning
             ... on level 1 of the Abyss.
             The game lasted 00:06:03 (5227 turns).

Borgoz the Ducker (Halfling Gladiator)              Turns: 5227, Time: 00:06:04

Health: -7/54      AC:  5    Str: 23    XL:     8   Next: 14%
Magic:  8/8        EV: 20    Int:  6    God:
Gold:   210        SH:  0    Dex: 22    Spells: 7/7 levels left

rFire    . . .     SeeInvis .   a - +0 rapier
rCold    . . .     Faith    .   (shield restricted)
rNeg     . . .     Spirit   .   b - +0 leather armour
rPois    .         Reflect  .   c - +0 helmet
rElec    .         Harm     .   x - +0 cloak
rCorr    .         Rampage  .   (no gloves)
Will     .....                  (no boots)
Stlth    ++........             (no amulet)
HPRegen  0.18/turn              h - +6 ring of dexterity
MPRegen  0.11/turn              q - +6 ring of strength

@: mighty
A: small, mutation resistance 1
a: no special abilities


You were on level 1 of the Abyss.
You visited 2 branches of the dungeon, and saw 6 of its levels.
You visited the Abyss 1 time.

You collected 210 gold pieces.

Inventory:

Hand Weapons
 a - a +0 rapier (weapon)
 u - a +1 dagger of pain
Missiles
 d - a throwing net (quivered)
Armour
 b - a +0 leather armour (worn)
 c - a +0 helmet (worn)
 x - a +0 cloak (worn)
 A - a +0 ring mail
Jewellery
 h - a +6 ring of dexterity (left hand)
 m - an uncursed ring of protection from fire
 o - an uncursed ring of protection from fire
 q - a +6 ring of strength (right hand)
 t - an uncursed ring of protection from cold
 y - a +6 ring of dexterity
Wands
 e - a wand of paralysis (6)
 r - a wand of random effects (7)
 s - a wand of polymorph (10)
Scrolls
 f - 3 scrolls of blinking {unknown}
 g - a scroll of amnesia {unknown}
 i - 3 scrolls of magic mapping {unknown}
 j - 2 scrolls of remove curse {unknown}
 k - 2 scrolls of immolation {unknown}
 w - a scroll of vulnerability {unknown}
Potions
 n - a potion of resistance
 z - a potion of cancellation


   Skills:
 * Level 4.5 Fighting
 + Level 5.4 Short Blades
 - Level 2.0 Throwing
 + Level 3.2 Armour
 * Level 6.1 Dodging
 + Level 2.9 Stealth


You had 7 spell levels left.
You didn't know any spells.
Your spell library contained the following spells:

 Spells                   Type           Power        Failure   Level
 Animate Skeleton         Necr           0%           50%         1
 Apportation              Tloc           0%           50%         1
 Corona                   Hex            0%           50%         1
 Magic Dart               Conj           0%           50%         1
 Summon Small Mammal      Summ           0%           50%         1
 Blink                    Tloc           N/A          65%         2
 Call Imp                 Summ           0%           65%         2
 Slow                     Hex            0%           65%         2
 Conjure Flame            Conj/Fire      0%           86%         3
 Mephitic Cloud           Conj/Pois/Air  0%           86%         3


Dungeon Overview and Level Annotations

Branches:
Dungeon (5/15)             Temple (1/1) D:5

Altars:
Cheibriados
Dithmenos
Elyvilon
Fedhas
Gozag
Hepliaklqana
Nemelex Xobeh
Qazlal
Ru
Trog
Uskayaw
Vehumet
Xom
Yredelemnul
The Shining One

Shops:
D:4 :   D:5 =

Portals:
Abyss: D:5

Annotations:
D:5 1 transporter, MoonlitKnight's ghost, novice DrWr


Innate Abilities, Weirdness & Mutations

You are small and have problems with some larger weapons.
You are somewhat resistant to further mutation.


Message History

To return, you must find a gate leading back.
Killing monsters will force the Abyss to allow you passage.
This branch contains the abyssal rune of Zot.
Found 45 gold pieces.
You start resting.
A raiju comes into view.
The raiju barks!
The raiju bursts into living lightning!
The living lightning misses you.
The raiju blinks!
The raiju bursts into living lightning!
The living lightning misses you.
The raiju blinks!
The raiju bites you.
* * * LOW HITPOINT WARNING * * *
The raiju shocks you!
* * * LOW HITPOINT WARNING * * *
You hit the raiju.
The raiju is lightly wounded.
The raiju bursts into living lightning!
The living lightning misses you. The living lightning hits you!
You die...

..# .. ...#####.#
#.#..#. ... ..
##....###.##..
.#.#.....###.# #
............## ∩ #
#...#..### # .
...###........# .
#.$..#.#.##..... .
#..#..@........# ≈
#..#h....#...#
.............#..
..##..#######.####
#..# ..# #≈≈ ..
≈≈≈ ####


You could see a raiju.

Vanquished Creatures
  An ogre (D:4)
  A necrophage (D:5)
  A small abomination (D:5)
  A bullfrog (D:4)
  2 bullfrog zombies (D:5)
  2 bullfrog skeletons
  A hound (D:5)
  An orc priest (D:3)
  3 orc wizards
  Jessica (D:3)
  An iguana (D:4)
  A worker ant (D:5)
  7 adders
  A gnoll (D:1)
  A shadow imp (D:5)
  An adder skeleton (D:4)
  4 worms (D:2)
  3 dart slugs
  2 leopard geckos
  13 orcs
  3 giant cockroaches
  10 goblins
  5 hobgoblins
  A quokka (D:3)
  8 bats
  4 frilled lizards
  8 kobolds
  5 rats
92 creatures vanquished.

Notes
Turn   | Place    | Note
-------+----------+-------------------------------------------
     0 | D:1      | Borgoz the Halfling Gladiator began the quest for the Orb.
     0 | D:1      | Reached XP level 1. HP: 14/14 MP: 1/1
    23 | D:1      | Reached XP level 2. HP: 16/19 MP: 2/2
   246 | D:1      | Reached XP level 3. HP: 24/24 MP: 3/3
   509 | D:2      | Reached skill level 1 in Armour
   615 | D:2      | Reached XP level 4. HP: 12/30 MP: 4/4
   801 | D:2      | Reached skill level 4 in Dodging
  1627 | D:2      | Reached XP level 5. HP: 24/36 MP: 5/5
  2313 | D:3      | Noticed Jessica
  2321 | D:3      | Reached skill level 1 in Stealth
  2325 | D:3      | Killed Jessica
  2326 | D:3      | Reached XP level 6. HP: 17/42 MP: 6/6
  2717 | D:3      | Reached skill level 5 in Dodging
  3179 | D:4      | Noticed an ogre
  3186 | D:4      | Reached XP level 7. HP: 36/47 MP: 7/7
  3325 | D:4      | Found Yfaudal's Book Emporium.
  3481 | D:5      | Entered Level 5 of the Dungeon
  3495 | D:5      | Reached skill level 5 in Short Blades
  4389 | D:5      | Found a transporter.
  4435 | D:5      | Found a one-way gate to the infinite horrors of the Abyss.
  4435 | D:5      | Noticed MoonlitKnight's ghost (novice DrWr)
  4446 | D:5      | Found a transporter.
  4498 | D:5      | Found a staircase to the Ecumenical Temple.
  4533 | Temple   | Entered the Ecumenical Temple
  4794 | D:5      | Reached skill level 6 in Dodging
  4794 | D:5      | Reached XP level 8. HP: 38/54 MP: 8/8
  4895 | D:5      | Found Icrian's Jewellery Shop.
  5023 | D:5      | Found an opulent altar of Gozag.
  5197 | D:5      | Cast into level 1 of the Abyss (gnoll)
  5222 | Abyss:1  | Noticed a raiju
  5227 | Abyss:1  | Killed from afar by a raiju

Illustrated notes

Levels and vault maps discovered:
D:1:      eino_arrival_tree_alley, layout_rooms, serial_bayou_ford_a
D:2:      layout_basic
D:3:      layout_rooms, uniq_jessica
D:4:      layout_basic, serial_shops, kennysheep_mini
D:5:      layout_basic, nicolae_overflow_hidden_temple,
          minmay_temple_entry_ruins, gammafunk_ghost_abyssal_escape,
          serial_shops, nicolae_shop_crystal, grunt_decor_mini_mirrors
Temple:   eino_temple_water
Abyss:1:  base:
D:5

Skill      XL: |  1  2  3  4  5  6  7 |
---------------+----------------------+-----
Fighting       | 2 3 4 |  4.5
Short Blades   | 4 5 |  5.4
Armour         | 1 2 3 |  3.2
Dodging        | 4 5 6 |  6.1
Stealth        | 1 2 |  2.9
Throwing       | |  2.0

Action                   |  1- 3 |  4- 6 |  7- 9 || total
-------------------------+-------+-------+-------++-------
Melee: Rapier            |    86 |   156 |   107 ||   349
Throw: Throwing net      |     1 |       |     1 ||     2
  Use: Scroll            |       |     4 |     2 ||     6
       Potion            |       |       |     3 ||     3
 Stab: Held in net/web   |     2 |       |     2 ||     4
       Sleeping          |     1 |     5 |     1 ||     7
       Distracted        |       |       |     1 ||     1
Armor: Leather armour    |     8 |    19 |    10 ||    37
       Skin              |       |       |     6 ||     6
Dodge: Dodged            |    67 |   112 |    76 ||   255

Table legend: (Time is in decaauts)
 A = Elapsed time spent in this place.
 B = Non-inter-level travel time spent in this place.
 C = Inter-level travel time spent in this place.
 D = Time resting spent in this place.
 E = Time spent auto-exploring this place.
 F = Levels seen in this place.
 G = Mean time per level.
                   A        B        C        D        E       F      G
               +--------+--------+--------+--------+--------+-----+--------+
         Total |   5224 |   5066 |    158 |   1154 |   3217 |   7 |  746.3 |
       Dungeon |   5005 |   4859 |    146 |   1134 |   3040 |   5 | 1001.0 |
        Temple |    189 |    177 |     12 |      0 |    177 |   1 |  189.0 |
         Abyss |     29 |     29 |      0 |     20 |      0 |   1 |   29.0 |
               +--------+--------+--------+--------+--------+-----+--------+

Top non-repeatable levels by time:
     D:2: 1653 daAuts
     D:5: 1523 daAuts
     D:3: 774 daAuts
     D:4: 553 daAuts
     D:1: 499 daAuts
  Temple: 189 daAuts
 Abyss:1: 29 daAuts
